Map: Abiogenesis LE

Players

Cell - Winner!

  • Race: Terran Terran
  • League: Master
  • Spawn Location: 11:00

Inkisiteur

  • Race: Zerg Zerg
  • League: Diamond
  • Spawn Location: 5:00

VOD

Have the link to the VOD?

Description

Time

  • Played on: Jan. 24, 2018, 1:34 a.m.
  • Length: 12:20
Show
View Real Time Build Order
Export as new Build Order

Cell Terran - Winner!

Build Orders: Reaper Expand, Hellion Banshee, MMM Bio 

Get SALT Encoding   

  12  0:01  SCV  
  13  0:13  SCV  
  14  0:17  Supply Depot  
  14  0:25  SCV  
  15  0:33  Refinery  
  15  0:39  SCV  
  16  0:47  Barracks  
  16  0:51  SCV  
  17  1:03  SCV  
  18  1:15  SCV  
  19  1:34  Orbital Command, Reaper  
  20  1:49  Command Center  
  20  2:00  SCV  
  21  2:06  Barracks Reactor  
  21  2:08  Supply Depot  
  21  2:12  SCV  
  21  2:15  Refinery  
  22  2:25  SCV  
  23  2:33  Factory  
  24  2:37  SCV  
  24  2:49  SCV  
  25  2:57  Marine x2  
  26  3:01  SCV  
  26  3:03  Orbital Command  
  27  3:13  SCV  
  27  3:19  Starport  
  28  3:25  SCV  
  28  3:26  Barracks Tech Lab  
  29  3:29  Hellion  
  29  3:30  Hellion  
  29  3:33  SCV  
  34  3:37  SCV  
  34  3:39  Armory  
  35  3:45  SCV  
  35  3:48  Supply Depot  
  36  3:49  SCV  
  36  3:52  Hellion x2  
  42  3:57  SCV  
  42  4:03  Banshee, Cloaking Field  
  42  4:05  SCV  
  46  4:10  SCV  
  46  4:16  Hellion x2  
  51  4:21  SCV  
  51  4:22  SCV  
  52  4:41  Command Center  
  52  4:50  SCV x2  
  52  4:51  Supply Depot  
  54  4:53  Barracks Tech Lab  
  54  5:00  Engineering Bay, Barracks  
  54  5:01  Engineering Bay  
  54  5:03  Barracks  
  54  5:12  Banshee  
  57  5:30  SCV x2  
  57  5:37  Stimpack, Marine  
  57  5:39  Terran Infantry Weapons Level 1  
  57  5:40  Terran Infantry Armor Level 1  
  54  5:50  SCV  
  54  5:56  SCV  
  56  5:58  Refinery  
  56  5:59  Refinery  
  56  6:03  Barracks Reactor x2  
  56  6:08  SCV x2, Barracks  
  56  6:10  Supply Depot  
  54  6:12  Barracks  
  54  6:14  Barracks  
  52  6:20  Marine  
  53  6:29  SCV x2  
  55  6:36  Planetary Fortress  
  55  6:38  Marine  
  56  6:41  SCV x2  
  56  6:43  Supply Depot  
  52  6:49  Marine  
  52  6:50  Marine x2  
  52  6:52  Medivac x2, Siege Tank  
  63  6:59  Barracks Tech Lab  
  63  7:00  Barracks Reactor  
  64  7:04  Barracks Reactor x2  
  64  7:05  Marine x2  
  64  7:08  SCV x2  
  66  7:11  Marine x3  
  66  7:12  Supply Depot  
  66  7:13  Supply Depot x2  
  69  7:22  SCV x3  
  72  7:23  Marine x2, Supply Depot  
  72  7:24  Siege Tank, Supply Depot  
  72  7:25  Supply Depot  
  72  7:28  Medivac  
  72  7:29  Medivac, Marine x3  
  84  7:40  Marine  
  84  7:41  Marine x7  
  92  7:47  Marine  
  92  7:48  SCV x3, Refinery  
  92  7:49  Refinery  
  96  7:56  Siege Tank  
  99  7:58  Marine x2  
  99  7:59  Marine x2  
  99  8:00  SCV x3, Combat Shields  
  99  8:02  Marine x6  
  99  8:04  Marine  
  113  8:08  Supply Depot  
  113  8:09  Supply Depot  
  113  8:12  SCV x3  
  116  8:16  Marine  
  116  8:18  Terran Infantry Weapons Level 2, Terran Infantry Armor Level 2  
  117  8:21  Marine x5  
  122  8:28  Liberator  
  122  8:39  Starport  
  122  8:40  SCV x3, Marine x2, Fusion Core  
  122  8:41  Marine x4  
  129  8:42  Marine  
  135  8:57  SCV x3  
  135  9:01  Marine x3  
  141  9:06  Supply Depot  
  141  9:11  Liberator  
  141  9:16  Command Center  
  126  9:25  Marine x5  
  126  9:26  Marine x4  
  126  9:27  Marine x2  
  126  9:28  Widow Mine x2  
  126  9:30  Starport Reactor  
  144  9:43  Marine  
  135  9:53  Marine x2  
  135  9:54  Liberator, Marine x8  
  135  9:56  Widow Mine x2  
  145  10:13  Marine x2  
  145  10:14  Marine x9  
  151  10:19  Supply Depot  
  151  10:20  Liberator x2, Supply Depot  
  159  10:24  Supply Depot  
  159  10:31  Marine x2  
  155  10:37  Liberator, Widow Mine x2  
  165  10:48  Marine  
  165  10:49  Marine x7  
  165  10:50  Marine x3  
  174  10:58  Widow Mine x2  
  174  11:03  Liberator x2  
  178  11:06  Planetary Fortress  
  178  11:07  Refinery  
  178  11:09  Refinery  
  178  11:17  Unknown  
  178  11:21  Unknown  
  184  11:33  Command Center  
  184  11:37  Medivac  
  184  11:38  Marine x10  
  184  11:39  Marine  
  197  11:40  Widow Mine  
  195  11:55  Marine  
  195  11:56  Marine x4  
Show
View Real Time Build Order
Export as new Build Order

Inkisiteur Zerg 

Build Orders: Hatch First, Zergling Baneling 

Get SALT Encoding   

  12  0:01  Drone  
  13  0:13  Overlord  
  13  0:17  Drone  
  14  0:31  Drone x2  
  14  0:35  Drone  
  17  0:52  Hatchery  
  17  0:55  Drone  
  17  0:57  Drone  
  18  1:09  Extractor  
  17  1:13  Spawning Pool  
  17  1:16  Drone  
  17  1:20  Drone  
  18  1:29  Drone  
  19  1:41  Overlord  
  19  2:00  Queen  
  21  2:02  Zergling x4  
  21  2:04  Queen, Drone  
  26  2:11  Drone  
  26  2:15  Drone  
  28  2:22  Drone  
  29  2:28  Drone  
  29  2:29  Metabolic Boost  
  29  2:44  Drone x2  
  29  2:45  Drone  
  32  2:55  Drone x2  
  32  2:58  Overlord  
  34  3:06  Hatchery  
  34  3:07  Overlord  
  33  3:13  Drone  
  33  3:14  Drone  
  33  3:16  Drone, Extractor  
  33  3:17  Baneling Nest  
  33  3:18  Drone  
  35  3:21  Drone  
  36  3:28  Zergling x2  
  36  3:32  Zergling x2  
  38  3:38  Zergling x2  
  40  3:41  Drone  
  40  3:47  Zergling x2  
  41  3:52  Drone  
  42  4:01  Zergling x2  
  43  4:06  Drone  
  43  4:07  Roach Warren, Drone x4  
  47  4:30  Drone  
  47  4:31  Drone x2  
  50  4:35  Spine Crawler  
  49  4:39  Queen  
  49  4:41  Zergling x6  
  49  4:42  Baneling x3, Zergling x2  
  49  4:43  Baneling x5  
  49  4:44  Zergling x6  
  58  4:51  Overlord x3  
  52  5:14  Spore Crawler  
  52  5:19  Drone, Spore Crawler  
  51  5:23  Roach x4, Zergling x2  
  51  5:24  Roach x4  
  68  5:33  Roach x3  
  66  5:53  Lair  
  66  5:55  Drone  
  66  5:57  Spore Crawler  
  61  6:21  Drone  
  61  6:23  Drone  
  61  6:24  Drone  
  62  6:25  Extractor  
  62  6:26  Drone x3, Extractor  
  62  6:27  Drone x3  
  62  6:30  Ravager  
  62  6:31  Ravager x5  
  62  6:32  Ravager  
  73  6:35  Drone  
  73  6:39  Spore Crawler  
  73  6:40  Hatchery  
  72  6:53  Drone x10  
  82  7:05  Overlord x3  
  82  7:09  Hydralisk Den  
  82  7:15  Extractor  
  80  7:18  Drone  
  80  7:20  Extractor  
  80  7:22  Drone x2  
  82  7:24  Drone x2  
  82  7:26  Drone x2  
  82  7:28  Drone x3  
  82  7:29  Drone x4  
  93  7:31  Drone  
  94  7:39  Overlord x3  
  94  7:42  Hydralisk x2, Muscular Augments  
  98  7:55  Overseer  
  98  8:01  Hydralisk x6  
  98  8:02  Hydralisk  
  112  8:07  Glial Reconstitution  
  112  8:09  Roach x2  
  112  8:12  Roach  
  118  8:15  Queen  
  118  8:16  Extractor  
  118  8:17  Hatchery  
  118  8:25  Drone  
  119  8:29  Drone  
  119  8:30  Evolution Chamber, Hydralisk x2  
  119  8:31  Roach x2, Evolution Chamber  
  119  8:32  Overlord x2  
  126  8:45  Overlord x2  
  126  8:49  Roach  
  126  8:50  Hydralisk  
  126  8:51  Hydralisk x4  
  138  8:59  Zerg Missile Weapons Level 1  
  138  9:00  Zerg Ground Armor Level 1  
  111  9:18  Roach x3  
  111  9:19  Roach x2  
  111  9:21  Hydralisk  
  111  9:22  Hydralisk x3  
  111  9:23  Roach x3  
  107  9:25  Hydralisk  
  107  9:26  Roach  
  111  9:33  Roach x4  
  108  9:50  Roach x3, Hydralisk x4  
  108  9:51  Roach  
  102  9:58  Hydralisk x3  
  86  10:08  Hydralisk  
  86  10:09  Hydralisk x2  
  86  10:12  Ravager x3  
  89  10:19  Hydralisk  
  89  10:21  Roach, Zergling x2  
  92  10:36  Roach x4  
  92  10:37  Roach  
  92  10:40  Drone x2  
  92  10:41  Drone  
  105  10:43  Drone  
  93  11:00  Spire  
  93  11:02  Drone  
  93  11:03  Drone x5  
Tags
 
Add a new tag
Caveats
  • Supply blocks, unpowered buildings, or Contaminate may cause inaccurate times.
  • Supply counts are checked every 10 seconds.